 Dungeon Crawl Stone Soup version 0.32-a0-921-g04a7ad8e02 (webtiles) character file.

Game seed: 2181364759397760219

1202 senseless the Ruffian (level 8, -4/68 HPs)
             Began as a Grey Draconian Shapeshifter on Apr 11, 2024.
             Slain by Duvessa
             ... wielding a +0 rapier
              (14 damage)
             ... on level 6 of the Dungeon.
             The game lasted 00:14:41 (5355 turns).

senseless the Ruffian (Grey Draconian Shapeshifter) Turns: 5355, Time: 00:14:42

Health: -4/68      AC: 11    Str: 16    XL:     8   Next: 21%
Magic:  8/8        EV: 12    Int: 11    God:
Gold:   981        SH:  0    Dex: 13    Spells: 6/7 levels left

rFire   . .          .
                       - Unarmed
rCold   . . .        (no shield)
rNeg    . . .        (body armour unavailable)
rPois   .            k - melded +2 hat
rElec   .            f - melded +0 cloak
rCorr   +            l - melded +0 pair of gloves
SInv    .            (boots currently unavailable)
Will    .....        (no amulet)
Stlth   +            e - ring of resist corrosion
HPRegen 0.31/turn    (no ring)
MPRegen 0.11/turn

%: no passive effects
@: mighty, beast-form, marked, studying Stealth
A: beast (slay +3), mud breath, mud-swimmer, AC +11, amphibious, unfitting
armour, cold-blooded
a: Mud Breath, Begin Untransformation


You were on level 6 of the Dungeon.
You were a hulking beast.
You visited 1 branch of the dungeon, and saw 6 of its levels.

You collected 1041 gold pieces.
You spent 60 gold pieces at shops.

Inventory:

Hand Weapons
 a - the +1 sling "Inuntith" {drain, rC+ Int+2 Dex+2}
   (You found it on level 3 of the Dungeon)

   Int+2:     It affects your intelligence (+2).
   Dex+2:     It affects your dexterity (+2).
   rC+:       It protects you from cold.
 m - a +4 falchion of protection
 n - a +4 flail
 r - a +4 dagger
Missiles
 o - 2 curare-tipped darts
 s - 5 poisoned darts
Armour
 f - a +0 cloak (melded)
 k - a +2 hat (melded)
 l - a +0 pair of gloves (melded)
Jewellery
 e - a ring of resist corrosion (left hand)
Talismans
 b - a beast talisman (active)
 c - a flux talisman
Scrolls
 g - 3 scrolls of teleportation
 p - 4 scrolls of amnesia
 u - a scroll of vulnerability
Potions
 d - a potion of attraction
 h - a potion of curing
 i - a potion of might
 j - 3 potions of heal wounds
 q - a potion of brilliance
 t - a potion of invisibility


   Skills:
 + Level 5.3 Fighting
 + Level 4.7 Dodging
 + Level 5.7 Unarmed Combat
 + Level 5.4 Shapeshifting


You had 6 spell levels left.
You knew the following spells:

 Your Spells              Type           Power      Damage    Failure   Level
a - Summon Small Mammal   Summ           0%         N/A       34%         1

Your spell library contained the following spells:

 Spells                   Type           Power      Damage    Failure   Level
 Kiss of Death            Conj/Necr      0%         2d5       34%         1
 Shock                    Conj/Air       0%         1d3       34%         1
 Call Canine Familiar     Summ           0%         N/A       71%         3
 Swiftness                Air            0%         N/A       71%         3
 Airstrike                Air            0%         2d(0-16)  98%         4
 Summon Blazeheart Golem  Fire/Summ      0%         N/A       98%         4


Dungeon Overview and Level Annotations

Branches:
Dungeon (6/15)
 Temple: D:4-7

Altars:
Kikubaaqudgha
Ru
Sif Muna
Vehumet
Xom

Shops:
D:4 ([**

Annotations:
D:6 Duvessa


Innate Abilities, Weirdness & Mutations

You are a hulking beast.
Your limbs bulge with bestial killing power. (Slay +3)
You can breathe torrents of mud.
You are unimpeded by mud.
Your dull iron-grey scales are very hard. (AC +11)
You are amphibious.
You cannot fit into any form of body armour.
You are cold-blooded and may be slowed by cold attacks.


Message History

A phantom comes into view.
Duvessa barely misses you.
You hit Duvessa but do no damage.
Duvessa is moderately wounded.
Duvessa hits you with a +0 rapier.
You completely miss Duvessa.
Duvessa is moderately wounded.
Duvessa hits you with a +0 rapier!
An orc comes into view.
It is wielding a +0 dagger and carrying a wand of polymorph.
You are too injured to fight recklessly!
You are too injured to fight recklessly!
You are too injured to fight recklessly!
You are too injured to fight recklessly!
You are too injured to fight recklessly!
You are too injured to fight recklessly!
You are too injured to fight recklessly!
You are too injured to fight recklessly!
You are too injured to fight recklessly!
You are too injured to fight recklessly!
You are too injured to fight recklessly!
You are too injured to fight recklessly!
You are too injured to fight recklessly!
You are too injured to fight recklessly!
You are too injured to fight recklessly!
You closely miss Duvessa.
Duvessa is moderately wounded.
Duvessa hits you but does no damage. Duvessa hits you with a +0 rapier.
You hit Duvessa.
Your tail-slap misses Duvessa.
Duvessa is moderately wounded.
Duvessa hits you with a +0 rapier!
You feel very mighty all of a sudden. Duvessa closely misses you.
Duvessa barely misses you.
You closely miss Duvessa.
Duvessa is moderately wounded.
Duvessa hits you with a +0 rapier!
* * * LOW HITPOINT WARNING * * *
You punch Duvessa! You tail-slap Duvessa!
Duvessa is severely wounded.
Duvessa hits you with a +0 rapier!
You die...

...........#
##.########
####.#######
#..........
###...#
#..#######+
...<..# #..#
###...# #..# #
##.##########..#
####.............#
........########.#
.....##.# #h#
###### .# #e# # #
#5# # #s# #


.Wo # ### # # You could see Duvessa (berserk), a phantom, a scorpion, an
ufetubus and an orc.

Vanquished Creatures
  Eustachio (D:6)
  A water moccasin (D:5)
  A black bear (D:6)
  An ice beast (D:5)
  An ogre (D:6)
  A phantom (D:4)
  Dowan (D:6)
  A bombardier beetle (D:6)
  3 hounds
  2 jellies
  2 orc priests (D:5)
  Terence (D:2)
  2 iguanas (D:5)
  2 orc wizards
  8 adders
  4 gnolls (D:5)
  An ufetubus (D:5)
  2 dart slugs
  A ribbon worm (D:5)
  8 orcs
  4 bats
  13 endoplasms
  3 giant cockroaches
  4 goblins
  6 hobgoblins
  3 jackals
  7 kobolds
  4 quokkas
  7 ball pythons
  6 frilled lizards
  4 rats
105 creatures vanquished.

Notes
Turn   | Place    | Note
-------+----------+-------------------------------------------
     0 | D:1      | senseless the Draconian Shapeshifter began the quest for
                  | the Orb.
     0 | D:1      | Reached XP level 1. HP: 16/16 MP: 1/1
   176 | D:1      | Reached XP level 2. HP: 23/23 MP: 2/2
   317 | D:1      | Learned a level 1 spell: Summon Small Mammal
   848 | D:2      | Found a radiant altar of Vehumet.
   850 | D:2      | Noticed Terence
   880 | D:2      | Killed Terence
   881 | D:2      | Reached XP level 3. HP: 4/29 MP: 3/3
  1093 | D:2      | Found a faded altar of an unknown god.
  1100 | D:2      | Got Plato's Commentary on Rot
  1115 | D:2      | Reached XP level 4. HP: 24/37 MP: 4/4
  1842 | D:3      | Reached XP level 5. HP: 41/42 MP: 5/5
  1926 | D:3      | Identified the +1 sling "Inuntith" {drain, rC+ Int+2 Dex+2}
  2683 | D:4      | Found Canat's Lightly-Used Armoury.
  2837 | D:4      | Found Tiw Goa's Antique Armour Shoppe.
  2938 | D:4      | Found Feigauru's Antique Weapon Shoppe.
  2971 | D:4      | Noticed a phantom
  2977 | D:4      | Killed a phantom
  3142 | D:4      | Reached XP level 6. HP: 37/51 MP: 6/6
  3221 | D:4      | Found Afaec's Assorted Antiques.
  3229 | D:4      | Bought a fizzy green potion for 20 gold pieces
  3229 | D:4      | Bought a fizzy green potion for 20 gold pieces
  3229 | D:4      | Bought a fizzy green potion for 20 gold pieces
  3654 | D:5      | Entered Level 5 of the Dungeon
  4088 | D:5      | Noticed an ice beast
  4088 | D:5      | Noticed a water moccasin
  4101 | D:5      | Killed an ice beast
  4102 | D:5      | Your scales start taking on a dull iron-grey colour.
  4102 | D:5      | Reached XP level 7. HP: 58/59 MP: 7/7
  4116 | D:5      | Reached skill level 5 in Unarmed Combat
  4751 | D:6      | Identified a scroll of acquirement
  4751 | D:6      | Acquired 906 gold pieces
  4787 | D:6      | Reached skill level 5 in Shapeshifting
  4835 | D:6      | Noticed Eustachio
  4865 | D:6      | Killed Eustachio
  4866 | D:6      | Reached skill level 5 in Fighting
  4866 | D:6      | Reached XP level 8. HP: 8/68 MP: 8/8
  5094 | D:6      | Found a shimmering altar of Xom.
  5094 | D:6      | Found a sacrificial altar of Ru.
  5101 | D:6      | Found a shimmering blue altar of Sif Muna.
  5305 | D:6      | Found an ancient bone altar of Kikubaaqudgha.
  5341 | D:6      | Noticed Dowan
  5343 | D:6      | Noticed Duvessa
  5347 | D:6      | Killed Dowan
  5355 | D:6      | Slain by Duvessa

Illustrated notes

Levels and vault maps discovered:
D:1:      ncdulo_halloftheorcs, layout_loops_ring, serial_glass,
          glass_columns_a, glass_columns_a
D:2:      kennysheep_big_flooded_room, layout_loops_cross,
          shapermc_ecumenical_altar_rom_forum, basic_altar, uniq_terence
D:3:      layout_loops_corners
D:4:      layout_basic, serial_shops, nicolae_take_the_stairs,
          nicolae_shop_pleasant_corner_grove, shop, minmay_shop_damaged
D:5:      layout_basic, minmay_manual_monstrance
D:6:      layout_loops_ring, lemuel_round_altar,
          nicolae_overflow_quartered_altars, temple_green, serial_shops, shop,
          minmay_increasing_density, uniq_menkaure, uniq_eustachio,
          uniq_duvessa, uniq_sigmund

Skill      XL: |  1  2  3  4  5  6  7 |
---------------+----------------------+-----
Dodging        | 2 3 4 |  4.7
Fighting       | 2 3 4 5 |  5.3
Unarmed Combat | 4 5 |  5.7
Shapeshifting  | 4 5 |  5.4

Action                     |  1- 3 |  4- 6 |  7- 9 || total
---------------------------+-------+-------+-------++-------
  Melee: Unarmed           |    96 |   123 |    70 ||   289
         Tailslap          |    14 |    16 |     9 ||    39
         Punch             |       |     3 |     2 ||     5
   Fire: Sling             |       |    73 |    18 ||    91
   Cast: Summon Small Mamm |     1 |       |       ||     1
Ability: Mud Breath        |       |       |     3 ||     3
    Use: Potion            |     1 |     2 |     2 ||     5
         Scroll            |       |    14 |     1 ||    15
   Stab: Sleeping          |     1 |     1 |       ||     2
 Armour: Skin              |    60 |    65 |    89 ||   214
  Dodge: Dodged            |    53 |    78 |    78 ||   209
         Form:             |     1 |     2 |       ||     3
         Beast             |     1 |     2 |       ||     3

Table legend: (Time is in decaauts)
 A = Elapsed time spent in this place.
 B = Non-inter-level travel time spent in this place.
 C = Inter-level travel time spent in this place.
 D = Time resting spent in this place.
 E = Time spent auto-exploring this place.
 F = Levels seen in this place.
 G = Mean time per level.
                   A        B        C        D        E       F      G
               +--------+--------+--------+--------+--------+-----+--------+
         Total |   5344 |   5188 |    156 |    355 |   4025 |   6 |  890.7 |
       Dungeon |   5344 |   5188 |    156 |    355 |   4025 |   6 |  890.7 |
               +--------+--------+--------+--------+--------+-----+--------+

Top non-repeatable levels by time:
     D:5: 1091 daAuts
     D:2: 983 daAuts
     D:4: 982 daAuts
     D:3: 861 daAuts
     D:1: 826 daAuts
     D:6: 599 daAuts
